 Dungeon Crawl Stone Soup version 0.32-a0-450-g080537f31e (webtiles) character file.

Game seed: 12615037567839327670

737 PriceMaster the Sneak (level 7, -3/28 (32) HPs)
             Began as a Spriggan Alchemist on Feb 23, 2024.
             Was an Initiate of Cheibriados.
             Slain by a phantom (4 damage)
             ... on level 5 of the Dungeon.
             The game lasted 00:08:27 (4595 turns).

PriceMaster the Sneak (Spriggan Alchemist)          Turns: 4595, Time: 00:08:28

HP:   -3/28 (32)    AC:  2    Str:  5    XL:     7   Next: 46%
MP:   14/16         EV: 18    Int: 20    God:    Cheibriados [......]
Gold: 191           SH:  0    Dex: 16    Spells: 13/17 levels left

rFire   . . .        d - +2 dagger (flame)
rCold   . . .        l - orb {*channel}
rNeg    . . .        a - +0 robe
rPois   .            (helmet restricted)
rElec   .            n - scarf {+Inv}
rCorr   .            (gloves unavailable)
SInv    +            (boots unavailable)
Will    +....        (no amulet)
Stlth   +++          (no ring)
HPRegen 0.24/turn    (no ring)
MPRegen 0.15/turn

%: channel magic (20%)
@: brilliant, about to teleport, heavily drained, quick
A: very small, no large weapons, unfitting armour, see invisible, speed 3
a: Renounce Religion, Evoke Invisibility


You were on level 5 of the Dungeon.
You worshipped Cheibriados.
Cheibriados was noncommittal.
You visited 1 branch of the dungeon, and saw 5 of its levels.

You collected 191 gold pieces.

Inventory:

Hand Weapons
 d - a +2 dagger of flaming (weapon)
 g - a +1 dagger of pain
Armour
 a - a +0 robe (worn)
 l - an orb of energy (worn)
 n - a scarf of invisibility (worn)
Talismans
 i - a beast talisman
Scrolls
 c - a scroll of enchant weapon
 h - 6 scrolls of identify
 o - a scroll of fog {unknown}
 p - a scroll of poison {unknown}
 r - a scroll of enchant armour {unknown}
Potions
 b - 2 potions of magic
 e - a potion of might {unknown}
 f - a potion of brilliance
 k - 3 potions of lignification {unknown}
 m - 2 potions of heal wounds {unknown}
 q - a potion of invisibility {unknown}


   Skills:
 + Level 0.2 Fighting
 + Level 1.2 Short Blades
 + Level 4.1 Dodging
 * Level 6.1 Stealth
 * Level 5.6 Spellcasting
 + Level 1.7 Conjurations
 + Level 0.1 Air Magic
 * Level 6.0 Alchemy
 * Level 2.0 Evocations


You had 13 spell levels left.
You knew the following spells:

 Your Spells              Type           Power      Damage    Failure   Level
a - Sting                 Conj/Alch      100%       1d9       9%          1
b - Mephitic Cloud        Conj/Alch/Air  24%        N/A       26%         3

Your spell library contained the following spells:

 Spells                   Type           Power      Damage    Failure   Level
 Mercury Vapours          Alch/Air       52%        N/A       14%         2
 Olgreb's Toxic Radiance  Alch           44%        N/A       24%         4
 Necrotise                Necr           32%        1d5       26%         1
 Vampiric Draining        Necr           8%         2d6       54%         3
 Sticky Flame             Fire/Alch      26%        2d6       54%         4
 Martyr's Knell           Necr/Summ      8%         N/A       88%         4
 Curse of Agony           Necr           8%         N/A       99%         5


Dungeon Overview and Level Annotations

Branches:
Dungeon (5/15)             Temple (0/1) D:4

Altars:
Cheibriados


Innate Abilities, Weirdness & Mutations

You are very small and have problems with some larger weapons.
You are too small for most types of armour.
You have supernaturally acute eyesight. (SInv)
You cover ground extremely quickly. (Speed+++)


Message History

Aiming: Sting (safe; 9% risk of failure)
Press: ? - help, Shift-Dir - straight line, f/p - phantom
Aim: a phantom (lightly damaged, 67% to hit)
The sting hits the phantom.
The phantom partially resists.
The phantom is moderately damaged.
Magical energy flows into your mind! The phantom hits you.
The phantom blinks!
You blink.
Casting: Sting (safe; 9% risk of failure)
Confirm with . or Enter, or press ? or * to list all spells.
Aiming: Sting (safe; 9% risk of failure)
Press: ? - help, Shift-Dir - straight line, f/p - phantom
Aim: a phantom (moderately damaged, 67% to hit)
The sting hits the phantom.
The phantom partially resists.
The phantom is moderately damaged.
The phantom misses you. The phantom attacks as it pursues you!
The phantom hits you.
* * * LOW HITPOINT WARNING * * *
The phantom blinks!
You blink.
Found a stone staircase leading down.
Your magical contamination has completely faded away.
A hound comes into view.
Okay, then.
As you read the scroll labelled ISEK CISURIG, it crumbles to dust.
It is a scroll of identify.
c - a scroll of enchant weapon The hound barks!
Okay, then.
Okay, then.
Okay, then.
You feel drained.
You fail to use your ability.
The phantom hits you.
* * * LOW HITPOINT WARNING * * *
The hound barely misses you.
As you read the scroll labelled MUASTEI BEPH, it crumbles to dust.
You feel strangely unstable.
It was a scroll of teleportation.
The hound barely misses you. The phantom misses you.
Unknown command.
It was a potion of brilliance.
You feel clever all of a sudden. The hound misses you. The phantom hits you.
You die...
Cheibriados appreciates the motionlessness of death.

#. .. ...# #...> #..#
#^#.# #..# #.#.###..###
#.#.#...... #.#.#..>.#
#.#.#....#
.###.#######......<.##..
......h@W.....#..§......
####.########?....####.#
####..# # ######..####.#
.........§?.#
#####..####.# #...#### .
#....§§# #.######


You could see a phantom and a hound.

Vanquished Creatures
  A black bear (D:4)
  An ice beast (D:4)
  2 scorpions (D:4)
  A howler monkey (D:4)
  2 bombardier beetles (D:4)
  2 jellies (D:4)
  2 hounds (D:4)
  3 iguanas (D:4)
  3 adders
  4 dart slugs
  4 ribbon worms
  5 orcs (D:4)
  6 ball pythons
  A bat (D:2)
  5 endoplasms
  9 giant cockroaches
  10 hobgoblins
  4 jackals
  5 kobolds
  2 quokkas
  A frilled lizard (D:3)
  10 goblins
  3 rats
86 creatures vanquished.

Notes
Turn   | Place    | Note
-------+----------+-------------------------------------------
     0 | D:1      | PriceMaster the Spriggan Alchemist began the quest for the
                  | Orb.
     0 | D:1      | Reached XP level 1. HP: 9/9 MP: 5/5
   349 | D:1      | Reached XP level 2. HP: 7/13 MP: 2/6
   564 | D:1      | Found a faded altar of an unknown god.
   940 | D:2      | Reached XP level 3. HP: 16/16 MP: 4/8
   944 | D:2      | Learned a level 3 spell: Mephitic Cloud
  2014 | D:3      | Reached XP level 4. HP: 15/21 MP: 4/10
  2298 | D:3      | Reached skill level 1 in Conjurations
  3437 | D:4      | Noticed an ice beast
  3463 | D:4      | Noticed a black bear
  3472 | D:4      | Found a staircase to the Ecumenical Temple.
  3481 | D:4      | Killed an ice beast
  3482 | D:4      | Reached skill level 1 in Short Blades
  3482 | D:4      | Reached XP level 5. HP: 20/24 MP: 6/12
  3499 | D:4      | Killed a black bear
  3500 | D:4      | Reached skill level 5 in Stealth
  3500 | D:4      | Reached skill level 5 in Alchemy
  3500 | D:4      | Reached XP level 6. HP: 27/28 MP: 1/13
  3566 | D:4      | Reached skill level 1 in Evocations
  3600 | D:4      | Reached skill level 5 in Spellcasting
  3684 | D:4      | Reached XP level 7. HP: 26/32 MP: 8/15
  3716 | D:4      | HP: 1/32 [poison]
  4297 | D:4      | Found a snail-covered altar of Cheibriados.
  4309 | D:4      | Became a worshipper of Cheibriados the Contemplative
  4559 | D:5      | Entered Level 5 of the Dungeon
  4593 | D:5      | HP: 1/28 [phantom (6)]
  4595 | D:5      | Slain by a phantom

Illustrated notes

Levels and vault maps discovered:
D:1:      dpeg_arrival_solitude, layout_basic,
          ebering_ecumenical_altar_sacrificial,
          amcnicky_mini_rare_corridor_liquid
D:2:      layout_loops_corners
D:3:      layout_rooms
D:4:      layout_rooms, slow_altar_2, minmay_temple_entry_junction_2,
          kennysheep_flooded_box
D:5:      layout_loops_ring, mainiacjoe_overflow_24_doors,
          mrwooster_statue_mirror

Skill      XL: |  1  2  3  4  5  6  7 |
---------------+----------------------+-----
Dodging        | 3 4 |  4.1
Spellcasting   | 3 4 5 |  5.6
Alchemy        | 4 5 6 |  6.0
Stealth        | 4 5 6 |  6.1
Conjurations   | 1 |  1.7
Short Blades   | 1 |  1.2
Evocations     | 1 2 |  2.0
Fighting       | |  0.2
Air Magic      | |  0.1

Action                     |  1- 3 |  4- 6 |  7- 9 || total
---------------------------+-------+-------+-------++-------
  Melee: Dagger            |    31 |    32 |    20 ||    83
   Cast: Sting             |    81 |    47 |    46 ||   174
         Mephitic Cloud    |     3 |     2 |     1 ||     6
Ability: Evoke Invisibilit |       |     1 |       ||     1
    Use: Potion            |       |     2 |     1 ||     3
         Scroll            |       |       |     2 ||     2
   Stab: Confused          |     1 |     1 |       ||     2
         Sleeping          |       |     3 |       ||     3
 Armour: Robe              |    13 |    28 |    18 ||    59
  Dodge: Dodged            |    56 |    61 |    37 ||   154

Table legend: (Time is in decaauts)
 A = Elapsed time spent in this place.
 B = Non-inter-level travel time spent in this place.
 C = Inter-level travel time spent in this place.
 D = Time resting spent in this place.
 E = Time spent auto-exploring this place.
 F = Levels seen in this place.
 G = Mean time per level.
                   A        B        C        D        E       F      G
               +--------+--------+--------+--------+--------+-----+--------+
         Total |   3845 |   3776 |     69 |   1299 |   1841 |   5 |  769.0 |
       Dungeon |   3845 |   3776 |     69 |   1299 |   1841 |   5 |  769.0 |
               +--------+--------+--------+--------+--------+-----+--------+

Top non-repeatable levels by time:
     D:3: 1342 daAuts
     D:4: 1042 daAuts
     D:2: 847 daAuts
     D:1: 580 daAuts
     D:5: 33 daAuts
